 Dungeon Crawl Stone Soup version 0.31-a0-202-g547052bce9 (webtiles) character file.

Game seed: 3545970150236781936

451 qw the Skirmisher (level 6, -2/36 HPs)
             Began as a Deep Elf Hunter on June 26, 2023.
             Succumbed to a kobold brigand's curare-tipped dart
             ... in a sewer.
             The game lasted 00:00:49 (1858 turns).

qw the Skirmisher (Deep Elf Hunter)                 Turns: 1858, Time: 00:00:50

Health: -2/36      AC:  9    Str: 10    XL:     6   Next: 75%
Magic:  8/8        EV: 11    Int:  9    God:
Gold:   165        SH:  0    Dex: 18    Spells: 5/5 levels left

rFire   + + .        j - +8 sling of Mih Gaim {flame, rF++ rC+ Int-5}
rCold   + . .        (no shield)
rNeg    . . .        b - +0 ring mail
rPois   .            e - +2 helmet
rElec   .            (no cloak)
rCorr   .            (no gloves)
SInv    .            a - +0 pair of boots
Will    .....        (no amulet)
Stlth   +            (no ring)
HPRegen 0.26/turn    (no ring)
MPRegen 0.11/turn

%: no passive effects
@: lethally poisoned (-2 -> -30), slowed, very slow
A: no striking features
a: no special abilities


You were in a sewer.
You visited 1 branch of the dungeon, and saw 3 of its levels.
You also visited: Sewer.

You collected 165 gold pieces.


   Skills:
 - Level 2.5 Fighting
 + Level 9.8 Ranged Weapons
 - Level 1.4 Armour
 - Level 2.4 Dodging
 - Level 1.2 Stealth


You had 5 spell levels left.
You didn't know any spells.
Your spell library was empty.

Inventory:

Hand Weapons
 j - the +8 sling of Mih Gaim (weapon) {flame, rF++ rC+ Int-5}
   (You found it on level 2 of the Dungeon)

   Int:       It affects your intelligence (-5).
   rF:        It greatly protects you from fire.
   rC:        It protects you from cold.
Armour
 a - a +0 pair of boots (worn)
 b - a +0 ring mail (worn)
 e - a +2 helmet (worn)
Scrolls
 k - a scroll of identify
Potions
 c - a potion of mutation {unknown}
 d - a potion of curing
 g - a potion of haste
 h - 2 potions of might

Dungeon Overview and Level Annotations

Branches:
Dungeon (3/15)              Sewer (1/1)

Altars:


Message History

A kobold brigand and an adder come into view.
The kobold brigand is wielding a +0 short sword and quivering curare-tipped darts.
The kobold brigand shouts!
The adder hisses angrily.
The kobold brigand throws a curare-tipped dart.
The curare-tipped dart hits you.
You are poisoned.
You have difficulty breathing.
You feel yourself slow down.
Enter note: You shoot a sling bullet.
The sling bullet closely misses the adder.
You feel very sick.
You shoot a sling bullet. The sling bullet hits the adder.
The sling bullet burns the adder.
The adder is heavily wounded.
You feel very sick. The adder bites you.
The adder bites you but does no damage.
You shoot a sling bullet. The sling bullet hits the adder.
The sling bullet burns the adder.
You kill the adder!
You feel sick.
You shoot a sling bullet.
The sling bullet hits the kobold brigand!
The sling bullet burns the kobold brigand.
The kobold brigand is heavily wounded.
You feel sick.
The kobold brigand throws a curare-tipped dart.
The curare-tipped dart hits you.
You are more poisoned.
You have difficulty breathing.
You feel as though you will be slow longer.
The kobold brigand throws a curare-tipped dart.
The curare-tipped dart hits you.
You are more poisoned.
You have difficulty breathing.
You feel as though you will be slow longer.
You shoot a sling bullet.
The sling bullet hits the kobold brigand.
The sling bullet burns the kobold brigand.
The kobold brigand is severely wounded.
You die...

#####~~~~~####..~~##~...~
#.~~~~##### ##..~.~.~~~~
####### ##.~......~
#~..~....\ #.~~~~....
#~~.~....\ ###
##~~.~.~~.. .~~K.#####
##.~~~~~~..~
#~~%@~####..~~##~.~~.
.~~~~###.~..~~~.####~~~~
### #~~.~~~~~# #..~~
#.~..~~~## ....~
~~~~####### .~.~~~ #####


You could see a kobold brigand.

Vanquished Creatures
  A sky beast (D:3)
  2 kobold brigands (Sewer)
  2 orc priests (D:3)
  9 adders
  A worm (D:3)
  2 orcs (D:3)
  10 endoplasms
  4 giant cockroaches
  4 hobgoblins
  2 jackals (D:3)
  4 quokkas
  8 ball pythons
  4 bats
  3 frilled lizards
  12 goblins
  6 kobolds
  13 rats
87 creatures vanquished.

Notes
Turn   | Place    | Note
-------+----------+-------------------------------------------
     0 | D:1      | qw the Deep Elf Hunter began the quest for the Orb.
     0 | D:1      | Reached XP level 1. HP: 12/12 MP: 3/3
     0 | D:1      | 0 ||| qw: Version: 0.3-a-22-g0ed2b0b
     0 | D:1      | 0 ||| qw: Game counter: 5946
     0 | D:1      | 0 ||| qw: Melee chars always use a shield: true
     0 | D:1      | 0 ||| qw: God list: Okawaru
     0 | D:1      | 0 ||| qw: Allow faded altars: false
     0 | D:1      | 0 ||| qw: Do Orc after clearing Dungeon:15 true
     0 | D:1      | 0 ||| qw: Do second Lair branch before Depths: true
     0 | D:1      | 0 ||| qw: Lair rune preference: random
     0 | D:1      | 0 ||| qw: Goals: Normal
     0 | D:1      | 0 ||| PLANNING D:1-11
    93 | D:1      | Reached XP level 2. HP: 16/16 MP: 4/4
    94 | D:1      | Reached skill level 6 in Ranged Weapons
   462 | D:1      | 462 ||| DRINKING 2 coppery potions.
   463 | D:1      | 463 ||| DRINKING 2 smoky golden potions.
   464 | D:1      | 464 ||| DROPPING scroll of butterflies.
   465 | D:1      | 465 ||| DROPPING potion of degeneration.
   504 | D:2      | Reached XP level 3. HP: 20/20 MP: 5/5
   728 | D:2      | Identified the +8 sling of Mih Gaim {flame, rF++ rC+ Int-5}
   730 | D:2      | 730 ||| SWAPPING to +8 sling of Mih Gaim {flame, rF++ rC+
                  | Int-5}.
   731 | D:2      | 731 ||| DROPPING +0 shortbow.
   796 | D:2      | Reached skill level 7 in Ranged Weapons
   882 | D:2      | 882 ||| UPGRADING to +0 pair of boots.
   887 | D:2      | 887 ||| UPGRADING to +2 helmet.
   892 | D:2      | 892 ||| UPGRADING to +0 scale mail.
   902 | D:2      | 902 ||| DROPPING +0 leather armour.
   903 | D:2      | 903 ||| READING scroll labelled DENESUFO OXKORPH.
   904 | D:2      | 904 ||| DRINKING 2 metallic green potions.
   934 | D:3      | 934 ||| PLANNING SEWER
   986 | D:3      | Reached skill level 1 in Armour
   986 | D:3      | Reached XP level 4. HP: 25/25 MP: 6/6
  1082 | D:3      | Reached XP level 5. HP: 20/29 MP: 7/7
  1132 | D:3      | Reached skill level 8 in Ranged Weapons
  1364 | D:3      | Noticed a sky beast
  1369 | D:3      | Killed a sky beast
  1370 | D:3      | Reached skill level 9 in Ranged Weapons
  1370 | D:3      | Reached XP level 6. HP: 25/34 MP: 8/8
  1570 | D:3      | Found a glowing drain.
  1572 | D:3      | 1572 ||| UPGRADING to +0 ring mail.
  1582 | D:3      | 1582 ||| DROPPING +0 scale mail.
  1583 | D:3      | 1583 ||| READING 5 scrolls labelled MAVVEK VULE.
  1584 | D:3      | 1584 ||| READING scroll labelled OLET GOSKIAKOC.
  1589 | D:3      | 1589 ||| READING scroll labelled NYUGAN GUCETWI.
  1590 | D:3      | 1590 ||| READING 4 scrolls of identify.
  1590 | D:3      | 1590 ||| IDENTIFYING black potion
  1591 | D:3      | 1591 ||| READING 3 scrolls of identify.
  1591 | D:3      | 1591 ||| IDENTIFYING lumpy coppery potion
  1592 | D:3      | 1592 ||| READING 2 scrolls of identify.
  1592 | D:3      | 1592 ||| IDENTIFYING green potion
  1593 | D:3      | 1593 ||| DROPPING potion of magic.
  1594 | D:3      | 1594 ||| DROPPING potion of brilliance.
  1657 | Sewer    | Entered a sewer
  1741 | Sewer    | 1741 ||| Stepping ~*~*~tactically~*~*~ (water).
  1857 | Sewer    | HP: 6/36 [asphyx]
  1858 | Sewer    | Succumbed to a kobold brigand's curare-tipped dart

Levels and vault maps discovered:
D:1:      dpeg_arrival_subterranean_lakeside_camping, layout_rooms
D:2:      layout_basic
D:3:      layout_loops_ring, gup_sewer_entry_bubbles, minmay_snake_closets
Sewer:    sewer_co_tree

Skill      XL: |  1  2  3  4  5  6 |
---------------+-------------------+-----
Ranged Weapons | 6 7 9 |  9.8
Armour         | 1 |  1.4
Fighting       | 2 |  2.5
Dodging        | |  2.4
Stealth        | |  1.2

Action                     |  1- 3 |  4- 6 || total
---------------------------+-------+-------++-------
   Fire: Shortbow          |    78 |       ||    78
         Sling             |    20 |    64 ||    84
    Use: Potion            |     3 |       ||     3
         Scroll            |     1 |     6 ||     7
 Armour: Leather armour    |     5 |       ||     5
         Scale mail        |     1 |    11 ||    12
         Ring mail         |       |     1 ||     1
  Dodge: Dodged            |     6 |     4 ||    10

Table legend:
 A = Non-vault XP
 B = Vault XP
 C = Vault XP percentage of total XP
 D = Non-vault monster count
 E = Vault monster count
 F = Vault count percentage of total count
                 A         B        C        D         E       F
            +---------+---------+-------+---------+---------+-------
      Total |     309 |     336 |  52.1 |      57 |      30 |  34.5
            +---------+---------+-------+---------+---------+-------
        D:1 |      31 |       9 |  22.5 |      21 |       6 |  22.2
        D:2 |      43 |       0 |   0.0 |      19 |       0 |   0.0
        D:3 |     235 |      98 |  29.4 |      17 |      15 |  46.9
      Sewer |       0 |     229 | 100.0 |       0 |       9 | 100.0
            +---------+---------+-------+---------+---------+-------
